 Dungeon Crawl Stone Soup version 0.28.0-49-g6dfe1f597d (console) character file.

Game seed: 4598072779026276856

12712 Faeu the Cleaver (level 11, -5/151 HPs)
             Began as a Minotaur Berserker on May 15, 2022.
             Was an Elder of Trog.
             Killed from afar by an ironbound frostheart (24 damage)
             ... by creeping frost
             ... in an ice cave.
             The game lasted 00:30:25 (13445 turns).

Faeu the Cleaver (Minotaur Berserker)              Turns: 13445, Time: 00:30:26

Health: -5/151     AC: 21    Str: 30    XL:     11   Next: 66%
Magic:  10/10      EV: 11    Int:  0    God:    Trog [****..]
Gold:   564        SH:  5    Dex: 10    Spells: 10/10 levels left

rFire   . . .      SeeInvis .   N - +2 hand axe (vorpal) {axe}
rCold   + . .      Faith    .   (no shield)
rNeg    . . .      Spirit   .   l - +0 plate armour
rPois   .          Reflect  +   (helmet restricted)
rElec   .          Harm     .   (no cloak)
rCorr   .          Rampage  .   p - +0 pair of gloves
Will    .....                   (no boots)
Stlth   ..........              y - amulet of reflection
HPRegen 0.35/turn               v - ring of flight
MPRegen 0.12/turn               k - ring "Mamidenk" {rC+ AC+4 Str+4 Int-4}

@: berserking (expiring), frozen, flying, hasted and slowed, lost intelligence,
unable to read, very slow
A: horns 2, retaliatory headbutt
a: Renounce Religion, Berserk, Trog's Hand, Brothers in Arms


You were in an ice cave.
You worshipped Trog.
Trog was greatly pleased with you.
You visited 1 branch of the dungeon, and saw 11 of its levels.
You also visited: Ossuary and Ice Cave.

You collected 564 gold pieces.


Innate Abilities, Weirdness & Mutations

You have a pair of horns on your head.
You reflexively headbutt those who attack you in melee.


   Skills:
 - Level 10.8 Fighting
 + Level 12.4 Axes
 + Level 12.1 Armour
 - Level 9.6 Dodging
 - Level 3.0 Evocations


You had 10 spell levels left.
You didn't know any spells.
Your spell library contained the following spells:

 Spells                   Type           Power      Damage    Failure   Level
 Animate Skeleton         Necr           0%         N/A       99%         1
 Pain                     Necr           0%         1d4       99%         1
 Shock                    Conj/Air       0%         1d3       99%         1
 Blink                    Tloc           0%         N/A       100%        2
 Ensorcelled Hibernation  Hex/Ice        0%         N/A       100%        2
 Passwall                 Tmut/Erth      0%         N/A       100%        2
 Sublimation of Blood     Necr           0%         N/A       100%        2
 Wereblood                Tmut           0%         N/A       100%        2
 Lesser Beckoning         Tloc           0%         N/A       100%        3
 Summon Guardian Golem    Hex/Summ       0%         N/A       100%        3
 Swiftness                Air            0%         N/A       100%        3
 Vampiric Draining        Necr           0%         2d6       100%        3
 Airstrike                Air            0%         N/A       100%        4
 Manifold Assault         Tloc           0%         N/A       100%        5
 Orb of Destruction       Conj           0%         9d5       100%        7
 Spellforged Servitor     Conj/Summ      0%         N/A       100%        7
 Summon Hydra             Summ           0%         N/A       100%        7

Inventory:

Hand Weapons
 b - a +0 hand axe of flaming {axe}
   (You took it off an orc on level 10 of the Dungeon)
 N - a +2 vorpal hand axe (weapon) {axe}
   (You took it off an orc on level 9 of the Dungeon)
Missiles
 h - 18 poisoned darts {throwing}
Armour
 l - a +0 plate armour (worn)
   (You found it on level 1 of the Dungeon)
 p - a +0 pair of gloves (worn)
   (You found it on level 3 of the Dungeon)
 q - a +0 robe of resistance
   (You found it in an ice cave)
Jewellery
 k - the ring "Mamidenk" (right hand) {rC+ AC+4 Str+4 Int-4}
   (You found it on level 4 of the Dungeon)

   [ring of protection]

   AC:        It affects your AC (+4).
   Str:       It affects your strength (+4).
   Int:       It affects your intelligence (-4).
   rC:        It protects you from cold.
 v - a ring of flight (left hand)
   (You found it on level 5 of the Dungeon)
 y - an amulet of reflection (around neck)
   (You found it in an ossuary)
Wands
 G - a wand of flame (30) (quivered)
   (You found it on level 7 of the Dungeon)
 J - a wand of mindburst (11)
   (You found it on level 7 of the Dungeon)
Scrolls
 d - 3 scrolls of blinking {!r}
 f - a scroll of acquirement {unknown}
 g - 4 scrolls of immolation {!r!r}
 j - 3 scrolls of noise {!r}
 m - 2 scrolls of enchant weapon {unknown}
 n - 2 scrolls of magic mapping {!r}
 s - a scroll of amnesia {unknown}
 u - a scroll of vulnerability {unknown}
 w - 2 scrolls of holy word
 x - 4 scrolls of teleportation {@r4}
 D - 2 scrolls of enchant armour {unknown}
 F - a scroll of fog {unknown}
 I - a scroll of fear {unknown}
 K - a scroll of torment {unknown}
Potions
 a - a potion of heal wounds {@q2}
 c - 2 potions of lignification {unknown}
 e - 2 potions of magic {unknown}
 i - 3 potions of curing {@q1}
 r - a potion of haste {@q3}
 t - a potion of ambrosia {unknown}
 z - 3 potions of might {unknown}
 A - 4 potions of degeneration {unknown}
 B - a potion of attraction {unknown}
 C - 3 potions of mutation {unknown}
 H - a potion of brilliance {unknown}
Miscellaneous
 o - a tin of tremorstones (2/2) {throwing}
   (You found it in an ice cave)

Dungeon Overview and Level Annotations

Branches:
Dungeon (11/15)            Temple (0/1) D:5             Orc (0/2) D:9
Ossuary (visited)           IceCv (1/1)
   Lair: D:8-11

Altars:
Cheibriados
Dithmenos
Gozag
Hepliaklqana
Kikubaaqudgha
Makhleb
Nemelex Xobeh
Sif Muna
Vehumet
Wu Jian
Xom
Zin
The Shining One

Shops:
D:4 !   D:8 (   D:9 (

Annotations:
D:9 2 transporters, mistmaker's ghost, novice MiBe #.#≈≈≈≈≈≈≈ ##.#≈≈≈≈≈≈# #.##≈≈≈≈≈≈### #.##≈≈#≈≈##.## #..#≈##≈##...# #..######ph#..# #...#.#.#p###h.# #...#..#hY# ...Y ##...##hY## hYY..

##..###Y#
Y....
##.##@##
...p
#..##.#
....
##.##.##
##..##.##
#..####.##
#.## ##.#
#.#####.##
#.#[#.#.#
#......##
#....#.#
##...###


You could see 3 death yaks, 2 ironbound frosthearts and 2 wolves.


Message History

The ironbound frostheart calls freezing cold from the walls.
The frost grips you!! You partially resist.
You are encased in ice.
The ironbound frostheart moves out of view. 😕 HP[-23]
You take 23 damage, and now have 78/101 hp.
MASSIVE DAMAGE!! (PAUSE) Cleave: N) +2 hand axe (vorpal) {axe}
Press: ? - help, Dir - move target Your weapon can't reach that far!
Okay, then.
Unknown command.
The wolf bites you but does no damage. The ice encasing you melts away.
The wolf bites you but does no damage. x2; The wolf closely misses you.
You furiously retaliate!
You headbutt the wolf! 😕 HP[+1]
The wolf barely misses you. You furiously retaliate!
You headbutt the wolf. The wolf bites you! 😮 HP[-7]
You take 7 damage, and now have 72/101 hp.
The wolf barely misses you. You furiously retaliate!
You headbutt the wolf! The wolf bites you. 😮 HP[-4]
You take 4 damage, and now have 68/101 hp.
The wolf bites you but does no damage. You block the wolf's attack. x2
The wolf misses you. You block the wolf's attack.
You closely miss the wolf. Your headbutt misses the wolf.
The wolf completely misses you. 😮 HP[+1]
You hit the death yak. You headbutt the death yak.
The death yak bellows!
You hit the death yak but do no damage.
You headbutt the death yak, but do no damage.
The wolf stops to sniff the ground.
The death yak gores you! 😮 HP[-13]
You take 13 damage, and now have 56/101 hp.
You feel yourself speed up.
The death yak gores you but does no damage.
The ironbound frostheart calls freezing cold from the walls.
The frost grips you!! You partially resist.
* * * LOW HITPOINT WARNING * * *
You are encased in ice.
The death yak closely misses you. 😨 HP[-19]
You take 19 damage, and now have 37/101 hp.
A red film seems to cover your vision as you go berserk!
You feel yourself moving faster!
You feel mighty!
The death yak gores you but does no damage. 😨 HP[+18]
You now have 151 max hp (+50).
You regained 18 hp, and now have 55/151 hp.
You completely miss the death yak. 😨 HP[+1]
You slash the death yak! You headbutt the death yak!
The ice encasing you melts away. The death yak gores you!
* * * LOW HITPOINT WARNING * * *
😨 HP[-9]
You take 9 damage, and now have 47/151 hp.
You barely miss the death yak. Your headbutt misses the death yak.
You block the death yak's attack.
You slice the death yak!! You slash the death yak!
The death yak barely misses you. You furiously retaliate!
You headbutt the death yak, but do no damage. 😨 HP[+1]
You slash the death yak!
You kill the death yak!
Trog accepts your kill.
The ironbound frostheart calls freezing cold from the walls.
The frost grips you!! You partially resist.
* * * LOW HITPOINT WARNING * * *
You are encased in ice.
Your Armour skill increases to level 12! 😱 HP[-18]
You take 18 damage, and now have 30/151 hp.
You completely miss the wolf. Your headbutt misses the wolf.
The wolf stops to sniff the ground.
The wolf bites you but does no damage.
The ironbound frostheart calls freezing cold from the walls.
The frost grips you. You partially resist.
* * * LOW HITPOINT WARNING * * *
😱 HP[-2]
You take 2 damage, and now have 28/151 hp.
You closely miss the wolf. The wolf bites you.
* * * LOW HITPOINT WARNING * * *
The ironbound frostheart calls freezing cold from the walls.
The frost grips you. You partially resist.
* * * LOW HITPOINT WARNING * * *
😱 HP[-10]
You take 10 damage, and now have 18/151 hp.
You are too berserk!
You slice the death yak!! 😱 HP[+1]
You slash the death yak!
The ironbound frostheart calls freezing cold from the walls.
The frost grips you!! You partially resist.
You die...

Skill      XL: |  1  2  3  4  5  6  7  8  9 10 11 |
---------------+----------------------------------+-----
Axes           | 4 5 6 7 9 10 12 | 12.4
Fighting       | 4 5 6 7 9 10 | 10.8
Armour         | 3 4 5 6 7 9 10 12 | 12.1
Dodging        | 3 4 5 6 8 9 |  9.6
Evocations     | 3 |  3.0

Action                   |  1- 3 |  4- 6 |  7- 9 | 10-12 || total
-------------------------+-------+-------+-------+-------++-------
Melee: Hand axe          |    66 |   136 |   114 |   288 ||   604
       Headbutt          |    10 |    18 |    50 |    75 ||   153
       Punch             |     1 |     2 |     4 |     4 ||    11
       Spear             |       |       |   179 |    62 ||   241
Throw: Dart              |       |       |     2 |       ||     2
Invok: Berserk           |     1 |     4 |     5 |     9 ||    19
Evoke: Wand              |       |       |       |     5 ||     5
  Use: Scroll            |       |       |       |     6 ||     6
       Potion            |       |       |       |     1 ||     1
 Stab: Sleeping          |     3 |       |       |       ||     3
Armor: Animal skin       |    16 |     9 |       |       ||    25
       Plate armour      |       |    57 |    88 |   148 ||   293
Dodge: Dodged            |    46 |    60 |    91 |   131 ||   328
Block: Other             |       |       |    17 |    74 ||    91

Levels and vault maps discovered:
D:1:      nicolae_arrival_memento_mori, layout_basic,
          shapermc_ecumenical_altar_totnotflames
D:2:      layout_basic, uniq_natasha, uniq_terence
D:3:      layout_basic, chequers_temple_overflow_statue_of_worship,
          st_stairs_13, minmay_unequal
D:4:      kennysheep_the_goblin_king, layout_basic,
          grunt_temple_overflow_magic_moments, kennysheep_little_box,
          serial_shops, nicolae_shop_crystal, minmay_misc_feat_more_columns
D:5:      layout_loops_ring, minmay_temple_entry_tees
D:6:      hellmonk_ruined_rings, layout_loops_ring,
          grunt_temple_overflow_gold_and_silver, general_overflow_altar,
          nicolae_ossuary_entry_false_entrances, chequers_serial_rivers_room_a
D:7:      layout_basic, mainiacjoe_overflow_tiny_flanked
D:8:      layout_gridville, nemelex_spade_bored_becter, serial_shops, shop,
          uniq_pikel
D:9:      layout_loops_cross, orc_david_3, gammafunk_ghost_berserking_beasts
D:10:     lemuel_ogre_cave, layout_cave_pools, overflow_temple_1_default,
          uniq_psyche, uniq_maurice
D:11:     layout_loops_ring, erik_lair_island,
          portal_ice_cave_entry_ice_simulacra
IceCv:    ice_cave_caverns_02

Notes
Turn   | Place    | Note
-------+----------+-------------------------------------------
     0 | D:1      | Faeu the Minotaur Berserker began the quest for the Orb.
     0 | D:1      | Reached XP level 1. HP: 19/19 MP: 0/0
     0 | D:1      | magus.rc [v1.9.6]
   207 | D:1      | Reached XP level 2. HP: 27/27 MP: 1/1
   303 | D:1      | Reached skill level 4 in Axes
   408 | D:1      | Found a faded altar of an unknown god.
   440 | D:1      | Reached ** piety under Trog
   441 | D:1      | Reached skill level 4 in Fighting
   473 | D:1      | Reached skill level 3 in Armour
   614 | D:1      | Reached XP level 3. HP: 33/33 MP: 2/2
   721 | D:2      | Noticed Terence
   730 | D:2      | Killed Terence
   731 | D:2      | Reached skill level 3 in Dodging
   913 | D:2      | Reached XP level 4. HP: 32/40 MP: 3/3
  1014 | D:2      | You fall into a shaft and drop 2 floors!
  1448 | D:4      | Found a radiant altar of Vehumet.
  1463 | D:4      | Found Afunuti's Distillery.
  1463 | D:4      | Found an ancient bone altar of Kikubaaqudgha.
  1464 | D:4      | Found a shimmering blue altar of Sif Muna.
  1476 | D:4      | Got Kikubaaqudgha's Disquisition on Stolen Souls
                  | {forbidden}
  1484 | D:4      | Noticed an ogre
  1491 | D:4      | Killed an ogre
  1492 | D:4      | Reached skill level 5 in Axes
  1492 | D:4      | Reached skill level 4 in Armour
  1492 | D:4      | Reached XP level 5. HP: 41/47 MP: 4/4
  1617 | D:4      | Identified the ring "Mamidenk" {rC+ AC+4 Str+4 Int-4}
  1685 | D:4      | You pick up a book of Air {forbidden} and begin reading...
  1685 | D:4      | You add the spells Shock, Swiftness and Airstrike to your
                  | library.
  1811 | D:4      | Noticed an ogre
  1817 | D:4      | Killed an ogre
  1818 | D:4      | Reached skill level 5 in Fighting
  1818 | D:4      | Reached skill level 4 in Dodging
  1818 | D:4      | Reached XP level 6. HP: 56/56 MP: 5/5
  1988 | D:2      | Noticed Natasha
  2000 | D:2      | Killed Natasha
  2161 | D:3      | Found an ornate altar of the Wu Jian Council.
  2621 | D:2      | Noticed Natasha
  2629 | D:2      | Killed Natasha
  2775 | D:3      | You pick up a book of Necromancy {forbidden} and begin
                  | reading...
  2775 | D:3      | You add the spells Animate Skeleton and Vampiric Draining
                  | to your library.
  2990 | D:3      | Found a shimmering altar of Xom.
  2991 | D:3      | Found a glowing golden altar of the Shining One.
  3342 | D:4      | You pick up a book of Burglary {forbidden} and begin
                  | reading...
  3342 | D:4      | You add the spells Passwall and Ensorcelled Hibernation to
                  | your library.
  3435 | D:4      | Found a shadowy altar of Dithmenos.
  3693 | D:5      | Entered Level 5 of the Dungeon
  3748 | D:5      | Found a staircase to the Ecumenical Temple.
  3918 | D:5      | HP: 10/56 [ogre/+0 giant club (15)]
  3921 | D:5      | Reached skill level 5 in Armour
  3921 | D:5      | Reached XP level 7. HP: 17/62 MP: 6/6
  4890 | D:6      | Found an opulent altar of Gozag.
  4891 | D:6      | Found a glowing silver altar of Zin.
  4925 | D:6      | Reached skill level 6 in Axes
  4928 | D:6      | Reached skill level 6 in Fighting
  4934 | D:6      | Reached skill level 5 in Dodging
  5055 | D:6      | Found a sand-covered staircase.
  5162 | Ossuary  | Entered an ossuary
  5162 | Ossuary  | Noticed a wraith
  5162 | Ossuary  | Noticed a wraith
  5162 | Ossuary  | Noticed a wraith
  5242 | Ossuary  | Reached *** piety under Trog
  5243 | Ossuary  | Reached skill level 6 in Armour
  5243 | Ossuary  | Reached XP level 8. HP: 68/71 MP: 7/7
  6015 | D:6      | Found a hazy altar of Hepliaklqana.
  6404 | D:7      | Reached skill level 7 in Fighting
  6404 | D:7      | Reached skill level 7 in Axes
  6472 | D:7      | Reached skill level 6 in Dodging
  6630 | D:7      | You pick up a book of Spatial Translocations {forbidden}
                  | and begin reading...
  6630 | D:7      | You add the spells Blink, Lesser Beckoning and Manifold
                  | Assault to your library.
  6862 | D:7      | Reached skill level 7 in Armour
  7058 | D:7      | Found a snail-covered altar of Cheibriados.
  7345 | D:8      | Reached XP level 9. HP: 81/81 MP: 8/8
  7425 | D:8      | Noticed Pikel
  7493 | D:8      | Killed Pikel
  7494 | D:8      | Reached skill level 8 in Fighting
  7494 | D:8      | Reached skill level 8 in Axes
  7494 | D:8      | Reached skill level 7 in Dodging
  7657 | D:8      | You pick up a book of Blood {forbidden} and begin
                  | reading...
  7657 | D:8      | You add the spells Sublimation of Blood, Wereblood and
                  | Summon Hydra to your library.
  7697 | D:8      | Reached skill level 8 in Armour
  7719 | D:8      | Reached skill level 9 in Axes
  7826 | D:8      | You pick up a book of Dangerous Friends {forbidden} and
                  | begin reading...
  7826 | D:8      | You add the spells Summon Guardian Golem, Orb of
                  | Destruction and Spellforged Servitor to your library.
  7899 | D:8      | Found a sparkling altar of Nemelex Xobeh.
  7970 | D:8      | Found Hog Xanu's Weapon Emporium.
  7979 | D:8      | Reached skill level 9 in Fighting
  7988 | D:8      | Reached skill level 8 in Dodging
  8008 | D:8      | Reached skill level 9 in Armour
  8016 | D:8      | Reached XP level 10. HP: 43/91 MP: 9/9
  8425 | D:8      | Noticed a boulder beetle
  8709 | D:9      | Found a staircase to the Orcish Mines.
  8710 | D:9      | Found Haeloadu's Weapon Emporium.
  9073 | D:9      | Found a transporter.
  9080 | D:9      | Found a transporter.
  9173 | D:9      | Noticed a moth of wrath
  9204 | D:9      | Noticed mistmaker's ghost (novice MiBe)
  9205 | D:9      | Noticed a manticore
  9680 | D:9      | Reached skill level 10 in Fighting
  9680 | D:9      | Reached skill level 10 in Axes
  9860 | D:10     | Entered Level 10 of the Dungeon
  9860 | D:10     | Noticed Psyche
  9860 | D:10     | Found a burning altar of Makhleb.
  9865 | D:10     | Killed Psyche
 10049 | D:10     | Reached skill level 9 in Dodging
 10062 | D:10     | Reached **** piety under Trog
 10276 | D:11     | Found a frozen archway.
 10507 | IceCv    | Entered an ice cave
 10518 | IceCv    | Reached skill level 10 in Armour
 10657 | IceCv    | HP: 35/141 [polar bear (1)]
 11355 | IceCv    | Noticed a white ugly thing
 11371 | IceCv    | Killed a white ugly thing
 11372 | IceCv    | Reached XP level 11. HP: 56/101 MP: 10/10
 11735 | IceCv    | Reached skill level 11 in Axes
 11735 | IceCv    | Reached skill level 1 in Evocations
 11895 | IceCv    | Reached skill level 11 in Armour
 11895 | IceCv    | Reached skill level 2 in Evocations
 12466 | IceCv    | Noticed a death yak
 12477 | IceCv    | Reached skill level 3 in Evocations
 12488 | IceCv    | Killed a death yak
 12501 | IceCv    | Reached skill level 12 in Axes
 12665 | IceCv    | Lost intelligence.
 13424 | IceCv    | Noticed a death yak
 13424 | IceCv    | Noticed an ironbound frostheart
 13424 | IceCv    | Noticed a death yak
 13424 | IceCv    | Noticed a death yak
 13424 | IceCv    | Noticed an ironbound frostheart
 13424 | IceCv    | Noticed a death yak
 13441 | IceCv    | Killed a death yak
 13441 | IceCv    | HP: 30/151 [ironbound frostheart/creeping frost (18)]
 13442 | IceCv    | Reached skill level 12 in Armour
 13445 | IceCv    | Killed from afar by an ironbound frostheart

Vanquished Creatures
  2 death yaks (IceCv)
  Pikel (D:8)
  An ugly thing (IceCv)
  An ice statue (IceCv)
  Psyche (D:10)
  A troll (D:9)
  6 polar bears (IceCv)
  A hornet (D:9)
  A wraith (Ossuary)
  30 yaks
  A hornet zombie (D:7)
  An orc warrior (D:10)
  2 ice beasts (D:7)
  4 ogres
  2 necrophages
  16 wolves (IceCv)
  A centaur (D:9)
  2 lemures (D:8)
  An elf zombie (Ossuary)
  A kobold brigand (D:6)
  A bullfrog (D:7)
  2 two-headed ogre simulacra (D:11)
  A scorpion (D:7)
  10 killer bees
  4 wights (D:9)
  4 howler monkeys
  2 centaur zombies
  A hound (D:7)
  A jelly (D:6)
  An orc priest (D:10)
  Terence (D:2)
  An iguana (D:6)
  Natasha (twice) (D:2)
  5 orc wizards
  A hound skeleton (D:5)
  3 mummies (Ossuary)
  A howler monkey zombie (D:5)
  4 gnolls (D:6)
  5 adders
  A white imp (D:8)
  An adder skeleton (D:4)
  A worm (D:2)
  2 dart slugs
  22 orcs
  9 ball pythons
  8 bats
  8 endoplasms
  2 giant cockroaches (D:1)
  8 hobgoblins
  5 jackals
  9 kobolds
  4 quokkas
  5 frilled lizards
  13 goblins
  A goblin zombie (Ossuary)
  4 hobgoblin zombies (Ossuary)
  4 rats
233 creatures vanquished.

Vanquished Creatures (others)
  A wolf (IceCv)
1 creature vanquished.

Grand Total: 234 creatures vanquished

Table legend:
 A = Non-vault XP
 B = Vault XP
 C = Vault XP percentage of total XP
 D = Non-vault monster count
 E = Vault monster count
 F = Vault count percentage of total count
                 A         B        C        D         E       F
            +---------+---------+-------+---------+---------+-------
      Total |    6903 |   11258 |  62.0 |     158 |      73 |  31.6
            +---------+---------+-------+---------+---------+-------
        D:1 |      45 |       0 |   0.0 |      26 |       0 |   0.0
        D:2 |      77 |      73 |  48.7 |      16 |       2 |  11.1
        D:3 |      26 |      10 |  27.8 |      15 |       6 |  28.6
        D:4 |     325 |      13 |   3.8 |      16 |       7 |  30.4
        D:5 |     291 |       0 |   0.0 |       7 |       0 |   0.0
        D:6 |     529 |       0 |   0.0 |      16 |       0 |   0.0
        D:7 |    1019 |       0 |   0.0 |      14 |       0 |   0.0
        D:8 |    2672 |     629 |  19.1 |      23 |       1 |   4.2
        D:9 |    1665 |       6 |   0.4 |      16 |       2 |  11.1
       D:10 |     254 |     379 |  59.9 |       9 |       1 |  10.0
       D:11 |       0 |     161 | 100.0 |       0 |       2 | 100.0
    Ossuary |       0 |     360 | 100.0 |       0 |      10 | 100.0
      IceCv |       0 |    9627 | 100.0 |       0 |      42 | 100.0
            +---------+---------+-------+---------+---------+-------

Illustrated notes

Table legend:
 A = Kills in this place as a percentage of kills in entire the game.
 B = Kills by you in this place as a percentage of kills by you in the entire game.
 C = Kills by friends in this place as a percentage of kills by friends in the entire game.
 D = Other kills in this place as a percentage of other kills in the entire game.
 E = Experience gained in this place as a percentage of experience gained in the entire game.
 F = Experience gained in this place divided by the number of levels of this place that you have seen.
                   A       B       C       D       E      F
               +-------+-------+-------+-------+-------+----------------------
         Total | 100.0 | 100.0 |   N/A |   N/A | 100.0 | 1397.0
       Dungeon |  77.5 |  77.5 |   N/A |   N/A |  45.0 | 743.1
       Ossuary |   4.3 |   4.3 |   N/A |   N/A |   2.0 | 360.0
      Ice Cave |  18.2 |  18.2 |   N/A |   N/A |  53.0 | 9627.0
               +-------+-------+-------+-------+-------+----------------------

Table legend: (Time is in decaauts)
 A = Elapsed time spent in this place.
 B = Non-inter-level travel time spent in this place.
 C = Inter-level travel time spent in this place.
 D = Time resting spent in this place.
 E = Time spent auto-exploring this place.
 F = Levels seen in this place.
 G = Mean time per level.
                   A        B        C        D        E       F      G
               +--------+--------+--------+--------+--------+-----+--------+
         Total |  13895 |  13510 |    385 |   4828 |   6207 |  13 | 1068.8 |
       Dungeon |   9986 |   9601 |    385 |   2300 |   5521 |  11 |  907.8 |
       Ossuary |    628 |    628 |      0 |    117 |    358 |   1 |  628.0 |
      Ice Cave |   3280 |   3280 |      0 |   2410 |    328 |   1 | 3280.0 |
               +--------+--------+--------+--------+--------+-----+--------+

Top non-repeatable levels by time:
   IceCv: 3280 daAuts
     D:8: 1450 daAuts
     D:4: 1404 daAuts
     D:9: 1186 daAuts
     D:6: 1079 daAuts
     D:5: 1003 daAuts
     D:7: 973 daAuts
     D:3: 847 daAuts
     D:1: 764 daAuts
     D:2: 736 daAuts
 Ossuary: 628 daAuts
    D:10: 300 daAuts
    D:11: 239 daAuts
